 Dungeon Crawl Stone Soup version 0.28-a0-1159-g27aa881441 (webtiles) character file.

Game seed: 1445695555154150089

22485 Crownlay the Eclecticist (level 12, -10/94 HPs)
             Began as a Purple Draconian Conjurer on Dec 14, 2021.
             Was an Elder of Sif Muna.
             Mangled by an orc knight (31 damage)
             ... in a bailey on Dec 15, 2021.
             The game lasted 00:41:00 (14442 turns).

Crownlay the Eclecticist (DrCj)                    Turns: 14442, Time: 00:41:01

Health: -10/94     AC: 16    Str: 11    XL:     12   Next: 63%
Magic:  28/31      EV: 12    Int: 22    God:    Sif Muna [****..]
Gold:   1150       SH:  0    Dex: 10    Spells: 34/41 levels left

rFire   . . .      SeeInvis .   v - +2 spear (freeze)
rCold   . . .      Faith    .   (no shield)
rNeg    . . .      Spirit   .   (armour unavailable)
rPois   .          Reflect  .   (helmet restricted)
rElec   .          Harm     .   w - +0 cloak
rCorr   .          Rampage  .   l - +0 pair of gloves
Will    +....                   n - +1 pair of boots
Stlth   ++........              (no amulet)
HPRegen 0.25/turn               g - +4 ring of protection
MPRegen 0.22/turn               (no ring)

@: hasted, very quick
A: breathe power, AC +8, unfitting armour, cold-blooded
a: Breathe Dispelling Energy, Renounce Religion, Channel Magic, Forget Spell,
Divine Exegesis


You were in a bailey.
You worshipped Sif Muna.
Sif Muna was greatly pleased with you.
You visited 2 branches of the dungeon, and saw 11 of its levels.
You also visited: Ossuary and Bailey.

You collected 1268 gold pieces.
You spent 118 gold pieces at shops.

Inventory:

Hand Weapons
 v - a +2 spear of freezing (weapon)
Missiles
 e - 5 silver javelins
 o - 17 poisoned darts
 y - 4 throwing nets
Armour
 l - a +0 pair of gloves (worn)
 n - a +1 pair of boots (worn)
 w - a +0 cloak (worn)
Magical Staves
 r - a staff of air
Jewellery
 g - a +4 ring of protection (left hand)
 A - a ring of willpower
 C - a ring of resist corrosion
Wands
 a - a wand of mindburst (18)
 s - a wand of iceblast (3)
 J - a wand of flame (6)
Scrolls
 c - 3 scrolls of amnesia
 h - 5 scrolls of teleportation
 i - 4 scrolls of enchant weapon
 p - a scroll of blinking {unknown}
 t - 2 scrolls of magic mapping
 u - 2 scrolls of noise
 x - 3 scrolls of fear {unknown}
 B - a scroll of enchant armour {unknown}
 D - a scroll of vulnerability {unknown}
Potions
 b - 3 potions of degeneration
 d - 5 potions of curing
 f - 4 potions of might
 j - 2 potions of berserk rage
 k - 3 potions of lignification
 m - 5 potions of heal wounds
 q - 2 potions of brilliance {unknown}
 z - 4 potions of magic {unknown}
 E - 2 potions of flight {unknown}
 F - 3 potions of mutation {unknown}
 G - a potion of ambrosia {unknown}
 H - 2 potions of cancellation {unknown}
 I - 6 potions of resistance {unknown}
 K - a potion of haste
 L - a potion of invisibility {unknown}


   Skills:
 - Level 5.0 Fighting
 - Level 1.7 Dodging
 - Level 1.7 Stealth
 - Level 15.0 Spellcasting
 + Level 9.4 Conjurations
 + Level 4.2 Air Magic
 - Level 10.7 Invocations
 - Level 5.0 Evocations


You had 34 spell levels left.
You knew the following spells:

 Your Spells              Type           Power      Damage    Failure   Level
a - Magic Dart            Conj           100%       1d8       1%          1
b - Searing Ray           Conj           100%       2d8       1%          2
c - Airstrike             Air            17%        N/A       6%          4

Your spell library contained the following spells:

 Spells                   Type           Power      Damage    Failure   Level
 Shock                    Conj/Air       100%       1d9       1%          1
 Dazzling Flash           Conj/Hex       74%        N/A       1%          3
 Swiftness                Air            35%        N/A       1%          3
 Animate Skeleton         Necr           32%        N/A       3%          1
 Pain                     Necr           64%        1d7       3%          1
 Sublimation of Blood     Necr           16%        N/A       5%          2
 Fulminant Prism          Conj/Hex       18%        3d11      5%          4
 Iskenderun's Mystic Bla  Conj/Tloc      37%        2d9       5%          4
 Portal Projectile        Hex/Tloc       32%        N/A       11%         3
 Vampiric Draining        Necr           16%        2d7       11%         3
 Irradiate                Conj/Tmut      18%        3d20      14%         5
 Petrify                  Tmut/Erth      16%        N/A       34%         4
 Blade Hands              Tmut           8%         N/A       69%         5
 Excruciating Wounds      Necr           8%         N/A       69%         5


Dungeon Overview and Level Annotations

Branches:
Dungeon (10/15)            Temple (1/1) D:5             Orc (0/2) D:10
Ossuary (visited)          Bailey (1/1)
   Lair: D:8-11

Altars:
Cheibriados
Dithmenos
Elyvilon
Fedhas
Gozag
Kikubaaqudgha
Makhleb
Nemelex Xobeh
Okawaru
Qazlal
Ru
Sif Muna
Trog
Uskayaw
Wu Jian
Xom
Yredelemnul
Zin
The Shining One

Shops:
D:3 *[   D:5 *   D:6 :   D:7 =

Annotations:
D:5 2 transporters, bmj180's ghost, novice MfIE


Innate Abilities, Weirdness & Mutations

You can breathe bolts of dispelling energy.
Your rich purple scales are hard. (AC +8)
You cannot fit into any form of body armour.
You are cold-blooded and may be slowed by cold attacks.


Message History

Press: ? - help, Shift-Dir - straight line, f - orc knight
Aim: an orc knight, wielding a +0 glaive and wearing a +0 chain mail (moderately wounded, strong, 81% to hit)
The searing ray misses the orc knight.
The searing ray hits the orc knight!
The orc knight is heavily wounded. (Press . to maintain the ray.)
The searing ray hits the orc knight but does no damage.
The orc knight is heavily wounded.
The orc knight roars a battlecry!
The orc knight goes into a battle-frenzy!
The searing ray hits the orc!
You kill the orc!
Sif Muna accepts your kill.
The searing ray misses the orc knight.
The orc knight misses you.
An orc warrior comes into view. It is wielding a +0 glaive.
The orc knight misses you.
The searing ray misses the orc knight.
You finish channelling your searing ray.
The orc knight hits you from afar with a +0 glaive!!
The orc knight barely misses you.
The orc knight hits you from afar with a +0 glaive!!!
Okay, then.
Okay, then.
You fail to use your ability.
The orc knight hits you from afar with a +0 glaive!
* * * LOW HITPOINT WARNING * * *
The orc knight closely misses you.
Okay, then.
Okay, then.
The orc no longer looks unusually strong.
The orc knight no longer looks unusually strong.
The orc knight roars a battlecry!
The orcs go into a battle-frenzy!
There is an open gate here.
The orc knight no longer looks unusually strong.
The orc warrior no longer looks unusually strong.
You feel yourself speed up.
The orc knight roars a battlecry!
The orcs go into a battle-frenzy!
The orc knight hits you from afar with a +0 glaive!!
You die...

#...#
###)###
##..)..##
#...)...#
#...)...#
#.......#
#.......#
#.......#
##..@..##
##'''##
#ooo..#
#.ooo.#
#.....#
#..o..#
#..o..#
##')'##
#.....#


You could see 3 orc knights, 2 orc warriors and 3 orcs.

Vanquished Creatures
  Harold (D:8)
  Erica (D:9)
  2 two-headed ogres
  An ugly thing (D:8)
  A manticore (D:8)
  2 cyclopes (D:8)
  3 centaur zombies
  Maurice (D:8)
  A kobold demonologist (D:9)
  Grinder (D:4)
  8 yaks (D:10)
  Eustachio (D:6)
  4 water moccasins
  2 acid dragons
  7 orc warriors
  A black bear (D:7)
  2 hornet zombies
  2 sky beasts
  3 ogres
  2 centaurs
  A phantom (D:3)
  A kobold brigand (D:8)
  4 scorpions (D:6)
  Blork the orc (D:4)
  4 bullfrogs
  3 water moccasin zombies
  A wyvern skeleton (D:5)
  2 water moccasin skeletons
  13 killer bees
  15 wights
  3 howler monkeys
  6 jellies
  3 hounds
  6 orc priests
  A bullfrog skeleton (D:6)
  3 centaur skeletons
  2 gnoll shamans (D:6)
  Crazy Yiuf (D:5)
  8 iguanas
  Natasha (thrice) (D:4)
  10 orc wizards
  8 mummies (Ossuary)
  2 howler monkey zombies
  10 gnolls
  8 adders
  A shadow imp (D:8)
  An ufetubus (D:6)
  An adder skeleton (D:5)
  4 worms
  2 dart slugs
  52 orcs
  4 bats
  18 endoplasms
  3 giant cockroaches
  9 goblins
  4 hobgoblins
  3 jackals (D:3)
  5 quokkas
  6 ball pythons
  4 frilled lizards
  2 gnoll zombies (Ossuary)
  A hobgoblin zombie (Ossuary)
  15 kobolds
  3 kobold zombies (Ossuary)
  2 orc zombies (Ossuary)
  6 rats
311 creatures vanquished.

Vanquished Creatures (others)
  A wight (D:7)
  An orc wizard (D:9)
  A fungus (D:3)
  12 toadstools (D:3)
  4 withered plants (D:5)
19 creatures vanquished.

Grand Total: 330 creatures vanquished

Notes
Turn   | Place    | Note
-------+----------+-------------------------------------------
     0 | D:1      | Crownlay the Draconian Conjurer began the quest for the
                  | Orb.
     0 | D:1      | Reached XP level 1. HP: 14/14 MP: 3/3
   146 | D:1      | Reached XP level 2. HP: 20/20 MP: 3/5
   760 | D:1      | Reached skill level 3 in Spellcasting
   760 | D:1      | Reached XP level 3. HP: 26/26 MP: 1/7
   822 | D:1      | Learned a level 2 spell: Searing Ray
  1598 | D:2      | Reached XP level 4. HP: 29/33 MP: 2/9
  1690 | D:2      | Found a sparkling altar of Nemelex Xobeh.
  2274 | D:3      | Found Roano's General Store.
  2400 | D:3      | Bought a scroll of teleportation for 33 gold pieces
  2400 | D:3      | Bought a potion of lignification for 33 gold pieces
  2475 | D:3      | Reached skill level 4 in Spellcasting
  2647 | D:3      | Reached XP level 5. HP: 33/38 MP: 3/11
  2922 | D:3      | Found Elakocwa's Antique Armour Emporium.
  3088 | D:3      | Reached skill level 5 in Conjurations
  3142 | D:3      | Noticed a phantom
  3154 | D:3      | Killed a phantom
  3155 | D:3      | Reached skill level 5 in Spellcasting
  3155 | D:3      | Reached XP level 6. HP: 25/45 MP: 1/13
  3925 | D:3      | Upgraded the game from 0.28-a0-1152-g9c71ebef14 to
                  | 0.28-a0-1159-g27aa881441
  3983 | D:4      | Noticed Grinder
  3989 | D:4      | Killed Grinder
  3990 | D:4      | Reached skill level 6 in Spellcasting
  3990 | D:4      | Your scales start taking on a rich purple colour.
  3990 | D:4      | Reached skill level 7 in Spellcasting
  3990 | D:4      | Reached XP level 7. HP: 42/50 MP: 6/17
  4464 | D:4      | Noticed Blork the orc
  4470 | D:4      | Killed Blork the orc
  4609 | D:4      | Reached skill level 8 in Spellcasting
  4629 | D:4      | Noticed Natasha
  4634 | D:4      | Killed Natasha
  4861 | D:4      | Noticed Natasha
  4869 | D:4      | Killed Natasha
  5120 | D:4      | Noticed Natasha
  5125 | D:4      | Killed Natasha
  5163 | D:5      | Entered Level 5 of the Dungeon
  5203 | D:5      | Reached skill level 9 in Spellcasting
  5203 | D:5      | Reached XP level 8. HP: 33/57 MP: 1/21
  5700 | D:5      | Reached skill level 10 in Spellcasting
  5816 | D:5      | Reached skill level 1 in Fighting
  5862 | D:5      | Reached skill level 1 in Evocations
  6054 | D:5      | Found a staircase to the Ecumenical Temple.
  6062 | Temple   | Entered the Ecumenical Temple
  6094 | Temple   | Became a worshipper of Sif Muna the Loreminder
  6139 | D:5      | Found a transporter.
  6142 | D:5      | Found Wutzusk's Assorted Antiques.
  6228 | D:5      | Bought a scroll of identify for 52 gold pieces
  6246 | D:5      | Noticed bmj180's ghost (novice MfIE)
  6248 | D:5      | Found a transporter.
  6306 | D:5      | Reached XP level 9. HP: 62/68 MP: 15/23
  6534 | D:5      | Found a runed translucent door.
  6535 | D:5      | Noticed Crazy Yiuf
  6696 | D:5      | Noticed a toenail golem
  6906 | D:5      | Killed Crazy Yiuf
  7187 | D:6      | Found Ranagh's Book Shop.
  7861 | D:6      | Noticed Eustachio
  7873 | D:6      | Killed Eustachio
  8090 | D:6      | Reached * piety under Sif Muna
  8267 | D:6      | Reached skill level 5 in Fighting
  8402 | D:6      | Reached skill level 11 in Spellcasting
  9207 | D:7      | Reached ** piety under Sif Muna
  9416 | D:7      | Reached XP level 10. HP: 74/81 MP: 16/25
  9419 | D:7      | Reached skill level 5 in Evocations
  9542 | D:7      | Found Goir's Jewellery Shoppe.
  9660 | D:7      | Found an ornate altar of the Wu Jian Council.
  9884 | D:7      | Found a glowing golden altar of the Shining One.
  9903 | D:8      | Reached skill level 12 in Spellcasting
  9926 | D:8      | Noticed Harold
  9968 | D:8      | Noticed Maurice
  9978 | D:8      | Killed Maurice
 10059 | D:8      | Found a sand-covered staircase.
 10102 | Ossuary  | Entered an ossuary
 10568 | D:8      | Noticed a two-headed ogre
 10568 | D:8      | Noticed a manticore
 10584 | D:8      | Killed a manticore
 10585 | D:8      | Reached skill level 13 in Spellcasting
 10717 | D:8      | Killed a two-headed ogre
 10772 | D:8      | Noticed a cyclops
 10879 | D:8      | Killed a cyclops
 10880 | D:8      | Reached skill level 14 in Spellcasting
 10989 | D:8      | Reached skill level 1 in Air Magic
 11005 | D:8      | HP: 3/81 [Harold (11)]
 11010 | D:8      | Killed Harold
 11361 | D:8      | Noticed a cyclops
 11369 | D:8      | Killed a cyclops
 11654 | D:8      | Noticed a cyan ugly thing
 11666 | D:8      | Killed a cyan ugly thing
 11667 | D:8      | Reached XP level 11. HP: 31/86 MP: 15/29
 12089 | D:8      | Reached skill level 15 in Spellcasting
 12173 | D:9      | Reached *** piety under Sif Muna
 12280 | D:9      | Reached skill level 1 in Invocations
 12327 | D:9      | Noticed Erica
 12855 | D:9      | Killed Erica
 13304 | D:9      | Found a white marble altar of Elyvilon.
 13432 | D:9      | Noticed a two-headed ogre
 13444 | D:9      | Killed a two-headed ogre
 13753 | D:10     | Entered Level 10 of the Dungeon
 13788 | D:10     | Found a basalt altar of Yredelemnul.
 13916 | D:10     | Reached skill level 5 in Invocations
 13959 | D:10     | Found a flagged portal.
 14033 | Bailey   | Entered a bailey
 14219 | Bailey   | Reached **** piety under Sif Muna
 14414 | Bailey   | Reached skill level 10 in Invocations
 14414 | Bailey   | Reached XP level 12. HP: 94/94 MP: 31/31
 14420 | Bailey   | Learned a level 4 spell: Airstrike
 14442 | Bailey   | Mangled by an orc knight

Illustrated notes

Levels and vault maps discovered:
D:1:      mushboom_english_gardens, layout_basic
D:2:      layout_basic, basic_altar, nrook_mini_vaults
D:3:      cheibrodos_fertilizer, layout_loops_ring, serial_shops,
          nicolae_shop_crystal, shop, minmay_fractal_squares_diagonal_5
D:4:      nicolae_BIG_FREAKIN_CUBE, layout_basic, serial_glass, glass_columns_a,
          glass_columns_c, minivault_27, minmay_fractal_squares_gapless_5,
          uniq_grinder, uniq_blork_the_orc, uniq_natasha
D:5:      layout_basic, temple_statues, serial_undead, serial_undead_f,
          serial_undead_b, serial_undead_b, serial_undead_a, serial_undead_f,
          serial_shops, nicolae_diamond_shop, gammafunk_ghost_abyssal_escape,
          uniq_crazy_yiuf_cottage
D:6:      minmay_polygon_palace, layout_loops_corners, serial_shops, shop,
          uniq_eustachio
D:7:      layout_cave_pools, tso_altar, nicolae_wu_jian_immortal_techniques,
          serial_shops, nicolae_shop_trees, hangedman_decor_growths,
          roderic_roman_lattice
D:8:      wad_cavern_with_rooms, layout_rooms,
          lightli_ossuary_entry_decrepit_ruins, kb_rosetta, uniq_harold,
          uniq_maurice
D:9:      layout_basic, amcnicky_altar_gilded, uniq_erica
D:10:     layout_rooms, kennysheep_mini, hiddenorc2_lemuel, enter_bailey_7
Temple:   compressed_dpeg_circular_temple
Bailey:   bailey_polearm_5, bailey

Skill      XL: |  1  2  3  4  5  6  7  8  9 10 11 |
---------------+----------------------------------+-----
Spellcasting   | 3 4 5 7 9 10 11 14 15 | 15.0
Conjurations   | 5 7 8 9 |  9.4
Fighting       | 2 5 |  5.0
Evocations     | 1 4 5 |  5.0
Air Magic      | 1 4 |  4.2
Invocations    | 10 | 10.7
Dodging        | |  1.7
Stealth        | |  1.7

Action                   |  1- 3 |  4- 6 |  7- 9 | 10-12 || total
-------------------------+-------+-------+-------+-------++-------
Melee: Unarmed           |     9 |       |       |       ||     9
       Rapier            |     9 |    34 |       |       ||    43
       Tailslap          |     1 |     2 |     1 |     2 ||     6
       Trident           |       |       |     9 |       ||     9
       Spear             |       |       |       |    19 ||    19
 Cast: Magic Dart        |    81 |    69 |   113 |    76 ||   339
       Searing Ray       |     2 |    15 |    76 |    95 ||   188
Invok: Channel Magic     |       |       |       |     1 ||     1
 Abil: Breathe Dispellin |       |       |     1 |     1 ||     2
Evoke: Wand              |       |       |       |     6 ||     6
  Use: Scroll            |       |     3 |     2 |     3 ||     8
       Potion            |       |       |       |     5 ||     5
 Stab: Sleeping          |       |     1 |       |       ||     1
Armor: Skin              |    10 |    32 |    93 |    65 ||   200
Dodge: Dodged            |    21 |    49 |   109 |   126 ||   305

Table legend: (Time is in decaauts)
 A = Elapsed time spent in this place.
 B = Non-inter-level travel time spent in this place.
 C = Inter-level travel time spent in this place.
 D = Time resting spent in this place.
 E = Time spent auto-exploring this place.
 F = Levels seen in this place.
 G = Mean time per level.
                   A        B        C        D        E       F      G
               +--------+--------+--------+--------+--------+-----+--------+
         Total |  14478 |  14127 |    351 |    235 |  11665 |  13 | 1113.7 |
       Dungeon |  13573 |  13253 |    320 |    214 |  11064 |  10 | 1357.3 |
        Temple |     63 |     32 |     31 |      0 |     18 |   1 |   63.0 |
       Ossuary |    433 |    433 |      0 |     21 |    275 |   1 |  433.0 |
        Bailey |    408 |    408 |      0 |      0 |    308 |   1 |  408.0 |
               +--------+--------+--------+--------+--------+-----+--------+

Top non-repeatable levels by time:
     D:8: 2106 daAuts
     D:6: 1951 daAuts
     D:3: 1858 daAuts
     D:5: 1803 daAuts
     D:9: 1343 daAuts
     D:2: 1222 daAuts
     D:4: 1207 daAuts
     D:7: 916 daAuts
     D:1: 882 daAuts
 Ossuary: 433 daAuts
  Bailey: 408 daAuts
    D:10: 280 daAuts
  Temple: 63 daAuts
